 Dungeon Crawl Stone Soup version 0.30.0-30-g96aa6591b8 (webtiles) character file.

Game seed: 8255221244899350285

53 Pepete the Trooper (level 3, -3/33 HPs)
             Began as a Hill Orc Fighter on June 28, 2023.
             Slain by Grinder (4 damage)
             ... on level 3 of the Dungeon.
             The game lasted 00:04:10 (2666 turns).

Pepete the Trooper (Hill Orc Fighter)               Turns: 2666, Time: 00:04:11

Health: -3/33      AC: 10    Str: 18 (20) XL:     3   Next: 87%
Magic:  3/3        EV:  7    Int:  6 (8)  God:
Gold:   100        SH:  4    Dex:  9 (10) Spells: 2/2 levels left

rFire   + . .        a - +0 long sword
rCold   . . .        c - +0 buckler
rNeg    . . .        n - +0 chain mail
rPois   +            (no helmet)
rElec   .            (no cloak)
rCorr   .            k - +0 pair of gloves
SInv    .            (no boots)
Will    .....        (no amulet) Stlth
                     b - ring of Etestik {rPois rF+ Slay+5}
HPRegen 0.25/turn    (no ring)
MPRegen 0.08/turn

%: no passive effects
@: mighty, on berserk cooldown, attractive, slowed, very slow
A: no striking features
a: no special abilities


You were on level 3 of the Dungeon.
You visited 1 branch of the dungeon, and saw 3 of its levels.

You collected 100 gold pieces.

Inventory:

Hand Weapons
 a - a +0 long sword (weapon)
 m - a +0 falchion
Armour
 c - a +0 buckler (worn)
 k - a +0 pair of gloves (worn)
 n - a +0 chain mail (worn)
Jewellery
 b - the ring of Etestik (left hand) {rPois rF+ Slay+5}
   (You found it on level 3 of the Dungeon)

   [ring of poison resistance]

   Slay:      It affects your accuracy & damage with ranged weapons and melee
   (+5).
   rF:        It protects you from fire.
   rPois:     It protects you from poison.
 f - a +6 ring of intelligence
Scrolls
 h - 3 scrolls of identify
Potions
 i - 2 potions of attraction


   Skills:
 * Level 4.0 Fighting
 * Level 2.8 Long Blades
 * Level 4.0 Armour
 * Level 0.5 Dodging
 * Level 3.6 Shields


You had 2 spell levels left.
You didn't know any spells.
Your spell library was empty.

Dungeon Overview and Level Annotations

Branches:
Dungeon (3/15)

Altars:

Annotations:
D:3 Grinder


Message History

You feel a strong urge to attack something.
You are no longer berserk.
You are exhausted.
You feel yourself slow down.
Okay, then.
Okay, then.
b - the ring of Etestik (left hand) {rPois rF+ Slay+5} Grinder gestures at you.
You resist with significant effort.
Grinder says, "I used to sell toenails on the black market."
Grinder blinks!
Grinder blinks!
You feel very mighty all of a sudden.
It was a potion of degeneration.
There was something very wrong with that liquid.
You feel weakened.
You feel dopey.
You feel clumsy. Grinder barely misses you. Grinder hits you.
* * * LOW HITPOINT WARNING * * *
It was a potion of attraction.
You feel attractive to monsters. You block Grinder's attack.
It was a potion of curing.
You feel better. Grinder hits you but does no damage. Grinder hits you.
* * * LOW HITPOINT WARNING * * *
You feel better. Grinder gestures at you.
You suddenly lose the ability to move!
Grinder hits you.
You writhe in agony.
Grinder gestures at you. Pain shoots through your body!
* * * LOW HITPOINT WARNING * * *
Grinder hits you.
* * * LOW HITPOINT WARNING * * *
You writhe in agony.
* * * LOW HITPOINT WARNING * * *
You can move again.
Grinder hits you.
* * * LOW HITPOINT WARNING * * *
You writhe in agony.
You die...

#. #...# #. #...# # #.
#...# .###.#.
#...########
.....#.##..........#
............###†...# .
#............###.#
....##..5.............
#...†.@.###..###.###
#.#####.# #.#...5? #.#
#.# #....... #.# #.#
#####...# #.# #.# #.##
#.# #.# .#
#.#####.######
#..........<...
#.#######.#####


You could see Grinder.

Vanquished Creatures
  3 worms (D:2)
  2 dart slugs
  5 ball pythons
  2 bats (D:2)
  An endoplasm (D:3)
  2 giant cockroaches (D:1)
  3 goblins
  A hobgoblin (D:2)
  7 jackals (D:2)
  4 kobolds
  A quokka (D:1)
  3 frilled lizards
  2 rats
36 creatures vanquished.

Notes
Turn   | Place    | Note
-------+----------+-------------------------------------------
     0 | D:1      | Pepete the Hill Orc Fighter began the quest for the Orb.
     0 | D:1      | Reached XP level 1. HP: 19/19 MP: 1/1
   419 | D:1      | Reached XP level 2. HP: 27/27 MP: 2/2
   594 | D:1      | Found a faded altar of an unknown god.
  1085 | D:2      | Reached XP level 3. HP: 30/33 MP: 3/3
  2628 | D:3      | Noticed Grinder
  2645 | D:3      | Identified the ring of Etestik {rPois rF+ Slay+5}
  2659 | D:3      | HP: 1/33 [Grinder (6)]
  2662 | D:3      | Paralysed by Grinder for 4 turns
  2666 | D:3      | HP: 1/33 [Grinder (1)]
  2666 | D:3      | Slain by Grinder

Illustrated notes

Levels and vault maps discovered:
D:1:      dpeg_arrival_three_bigger_balls, layout_basic,
          dilly_ecumenical_altar_fadedgnrine
D:2:      layout_loops_corners
D:3:      layout_loops_ring, nicolae_half_adder, uniq_crazy_yiuf_cottage,
          uniq_grinder

Skill      XL: |  1  2  3 |
---------------+----------+-----
Fighting       | 4 |  4.0
Armour         | 4 |  4.0
Long Blades    | |  2.8
Dodging        | |  0.5
Shields        | |  3.6

Action                     || total
---------------------------++-------
  Melee: Long sword        ||   149
    Use: Potion            ||     6
         Scroll            ||     2
 Armour: Scale mail        ||    54
         Chain mail        ||    12
  Dodge: Dodged            ||    74
  Block: Buckler           ||    40
